 Dungeon Crawl Stone Soup version 0.28-a0-1312-g71652a0310 (webtiles) character file.

Game seed: 11535316707093729272

1953 dolemite99 the Chiller (level 9, -13/65 HPs)
             Began as a Gnoll Ice Elementalist on Dec 28, 2021.
             Hit by a boomerang thrown by an orc warrior (16 damage)
             ... on level 6 of the Dungeon.
             The game lasted 00:16:00 (12488 turns).

dolemite99 the Chiller (Gnoll Ice Elementalist)    Turns: 12488, Time: 00:16:01

Health: -13/65     AC:  2    Str:  8    XL:     9   Next: 19%
Magic:  18/18      EV: 14    Int: 19    God:
Gold:   267        SH:  0    Dex: 12    Spells: 9/21 levels left

rFire   . . .      SeeInvis .   a - +0 falchion (vorpal)
rCold   . . .      Faith    .   (no shield)
rNeg    . . .      Spirit   .   f - +0 robe
rPois   .          Reflect  .   (no helmet)
rElec   .          Harm     .   (no cloak)
rCorr   .          Rampage  .   (no gloves)
Will    .....                   (no boots)
Stlth   +++.......              (no amulet)
HPRegen 0.20/turn               (no ring)
MPRegen 0.16/turn               (no ring)

@: studying Stealth
A: fangs 1, strong nose, distributed training
a: no special abilities


You were on level 6 of the Dungeon.
You visited 1 branch of the dungeon, and saw 6 of its levels.

You collected 267 gold pieces.

Inventory:

Hand Weapons
 a - a +0 vorpal falchion (weapon)
 h - a +1 antimagic whip
 w - a +1 hand axe
Missiles
 d - 160 stones
 j - 12 sling bullets
 k - 2 silver javelins (quivered)
 l - 2 throwing nets
 r - 26 bolts
 t - 5 poisoned darts
Armour
 c - a +0 ring mail
 f - a +0 robe (worn)
Magical Staves
 b - a staff of earth
Jewellery
 n - a ring of resist corrosion
Wands
 o - a wand of digging (5)
Scrolls
 e - a scroll of noise {unknown}
 g - a scroll of identify {@r1}
 p - a scroll of enchant armour {unknown}
 q - a scroll of vulnerability


   Skills:
 + Level 4.0 Fighting
 + Level 4.0 Short Blades
 + Level 4.0 Long Blades
 + Level 4.0 Axes
 + Level 4.0 Maces & Flails
 + Level 4.0 Polearms
 + Level 4.0 Staves
 + Level 4.0 Slings
 + Level 4.0 Bows
 + Level 4.0 Crossbows
 + Level 4.0 Throwing
 + Level 4.0 Armour
 + Level 6.1 Dodging
 + Level 6.1 Stealth
 + Level 4.0 Shields
 + Level 4.0 Unarmed Combat
 + Level 6.5 Spellcasting
 + Level 3.3 Conjurations
 + Level 3.3 Hexes
 + Level 3.3 Summonings
 + Level 3.3 Necromancy
 + Level 3.3 Translocations
 + Level 3.3 Transmutations
 + Level 3.3 Fire Magic
 + Level 7.9 Ice Magic
 + Level 3.3 Air Magic
 + Level 3.3 Earth Magic
 + Level 3.3 Poison Magic
 + Level 4.4 Invocations
 + Level 4.0 Evocations


You had 9 spell levels left.
You knew the following spells:

 Your Spells              Type           Power      Damage    Failure   Level
a - Freeze                Ice            100%       1d11      1%          1
b - Frozen Ramparts       Ice            72%        1d9       1%          3
c - Static Discharge      Conj/Air       18%        N/A       4%          2
d - Stone Arrow           Conj/Erth      36%        3d9       9%          3
e - Ozocubu's Armour      Ice            36%        N/A       1%          3

Your spell library contained the following spells:

 Spells                   Type           Power      Damage    Failure   Level
 Hailstorm                Conj/Ice       27%        3d7       11%         4
 Animate Armour           Summ/Erth      36%        N/A       26%         4
 Lightning Bolt           Conj/Air       9%         1d21      58%         5
 Lehudib's Crystal Spear  Conj/Erth      9%         10d4      100%        8
 Maxwell's Capacitive Co  Air            9%         ∞         100%        8


Dungeon Overview and Level Annotations

Branches:
Dungeon (6/15)
 Temple: D:4-7

Altars:

Shops:
D:5 [


Innate Abilities, Weirdness & Mutations

You have very sharp teeth.
Your uncanny sense of smell can sniff out nearby items.
Your experience applies equally to all skills.


Message History

You miss the hound.
The hound is moderately wounded.
The hound barely misses you. The hound bites you but does no damage.
You closely miss the hound. Your bite misses the hound.
The hound is moderately wounded.
The hound bites you but does no damage.
The orc hits you with a +4 mace of venom!
The hound bites you.
You hit the hound.
The hound is heavily wounded.
The hound bites you.
You hit the hound.
The hound is almost dead.
The hound bites you but does no damage. The hound barely misses you.
The orc warrior hits you with a +0 long sword!
You hit the orc warrior but do no damage.
The hound barely misses you. The orc misses you.
The hound bites you but does no damage.
The orc warrior hits you with a +0 long sword!
You barely miss the orc warrior. The hound barely misses you.
The orc misses you. The orc warrior misses you.
You hit the orc warrior but do no damage.
The hound closely misses you. The orc completely misses you.
The hound completely misses you.
The orc warrior hits you with a +0 long sword!
* * * LOW HITPOINT WARNING * * *
An orc comes into view. It is wielding a +0 flail.
You aren't carrying any potions.
Unknown command.
As you read the scroll of teleportation, it crumbles to dust.
You feel strangely unstable. The hound bites you.
* * * LOW HITPOINT WARNING * * *
The orc hits you with a +4 mace of venom!
* * * LOW HITPOINT WARNING * * *
The orc warrior hits you with a +0 long sword.
* * * LOW HITPOINT WARNING * * *
The hound barely misses you.
Your surroundings suddenly seem different.
The orc warrior throws a boomerang.
The boomerang hits you!
You die...

...#####.#.#>#.#.....##
......................#
###......#.#.#.#......#
......................#
!........#.#.#.#......#
......................#
###......#.#.#.#.....##
.##....<.......[......#
.......@.#.#.#.#......#
..#...............[...#
.........#.#.#.#<.....#
......................#
.##......#.#.#.#......#
##..........o.......#
####.##.#.#.#......#
#.#......oh.....#
#.##.#.#.#o.....#


You could see an orc warrior.

Vanquished Creatures
  Pikel (D:4)
  A hornet zombie (D:6)
  4 lemures
  2 centaurs
  3 phantoms (D:5)
  A bullfrog (D:5)
  A kobold brigand (D:5)
  A gnoll sergeant (D:6)
  4 scorpions
  A water moccasin skeleton (D:5)
  3 hounds
  2 jellies (D:5)
  2 bullfrog skeletons (D:5)
  An orc priest (D:5)
  Jessica (D:2)
  Ijyb (D:3)
  An orc wizard (D:4)
  10 gnolls (D:5)
  9 adders
  2 ufetubi (D:5)
  A worm (D:4)
  3 dart slugs
  14 orcs
  6 bats
  3 endoplasms (D:1)
  8 giant cockroaches
  5 goblins
  5 hobgoblins
  4 jackals (D:1)
  4 quokkas
  9 ball pythons
  3 frilled lizards
  5 kobolds
  3 rats
124 creatures vanquished.

Vanquished Creatures (others)
  An orc wizard (D:5)
  A plant (D:3)
2 creatures vanquished.

Grand Total: 126 creatures vanquished

Notes
Turn   | Place    | Note
-------+----------+-------------------------------------------
     0 | D:1      | dolemite99 the Gnoll Ice Elementalist began the quest for
                  | the Orb.
     0 | D:1      | Reached XP level 1. HP: 13/13 MP: 6/6
   367 | D:1      | Reached XP level 2. HP: 19/19 MP: 5/7
  1072 | D:1      | Reached XP level 3. HP: 25/25 MP: 7/9
  1125 | D:1      | Reached skill level 5 in Spellcasting
  1515 | D:1      | Learned a level 3 spell: Frozen Ramparts
  1653 | D:2      | Reached skill level 1 in Invocations
  2089 | D:2      | Noticed Jessica
  2098 | D:2      | Killed Jessica
  2099 | D:2      | Reached skill level 1 in Fighting
  2099 | D:2      | Reached skill level 1 in Short Blades
  2099 | D:2      | Reached skill level 1 in Long Blades
  2099 | D:2      | Reached skill level 1 in Axes
  2099 | D:2      | Reached skill level 1 in Maces & Flails
  2099 | D:2      | Reached skill level 1 in Polearms
  2099 | D:2      | Reached skill level 1 in Staves
  2099 | D:2      | Reached skill level 1 in Slings
  2099 | D:2      | Reached skill level 1 in Bows
  2099 | D:2      | Reached skill level 1 in Crossbows
  2099 | D:2      | Reached skill level 1 in Throwing
  2099 | D:2      | Reached skill level 1 in Armour
  2099 | D:2      | Reached skill level 1 in Shields
  2099 | D:2      | Reached skill level 1 in Unarmed Combat
  2099 | D:2      | Reached skill level 1 in Evocations
  2099 | D:2      | Reached XP level 4. HP: 17/32 MP: 7/11
  3168 | D:3      | Reached skill level 1 in Conjurations
  3168 | D:3      | Reached skill level 1 in Hexes
  3168 | D:3      | Reached skill level 1 in Summonings
  3168 | D:3      | Reached skill level 1 in Necromancy
  3168 | D:3      | Reached skill level 1 in Translocations
  3168 | D:3      | Reached skill level 1 in Transmutations
  3168 | D:3      | Reached skill level 1 in Fire Magic
  3168 | D:3      | Reached skill level 1 in Air Magic
  3168 | D:3      | Reached skill level 1 in Earth Magic
  3168 | D:3      | Reached skill level 1 in Poison Magic
  3661 | D:3      | Reached XP level 5. HP: 31/37 MP: 9/12
  3761 | D:3      | Noticed a centaur
  3771 | D:3      | Killed a centaur
  4186 | D:3      | Noticed Ijyb
  4198 | D:3      | Killed Ijyb
  4199 | D:3      | Reached XP level 6. HP: 37/44 MP: 3/13
  4655 | D:3      | Learned a level 2 spell: Static Discharge
  4846 | D:4      | Learned a level 3 spell: Stone Arrow
  4881 | D:3      | Learned a level 3 spell: Ozocubu's Armour
  4976 | D:4      | Reached skill level 5 in Dodging
  5746 | D:4      | Reached XP level 7. HP: 28/50 MP: 11/15
  6477 | D:5      | Entered Level 5 of the Dungeon
  7466 | D:5      | Reached skill level 5 in Stealth
  7901 | D:5      | Noticed Pikel
  7903 | D:5      | Paralysed by Pikel for 2 turns
  8210 | D:5      | Paralysed by Pikel for 3 turns
  8390 | D:4      | Killed Pikel
  8391 | D:4      | Reached XP level 8. HP: 39/58 MP: 8/17
  9664 | D:5      | Found Digam's Antique Armour Boutique.
  9855 | D:5      | HP: 2/87 [centaur (3)]
 11027 | D:5      | Reached XP level 9. HP: 34/65 MP: 12/18
 11036 | D:5      | HP: 3/65 [poisoned by a scorpion]
 12480 | D:6      | HP: 1/65 [orc warrior (4)]
 12488 | D:6      | Hit by a boomerang thrown by an orc warrior

Illustrated notes

Levels and vault maps discovered:
D:1:      nicolae_arrival_washed_ashore, layout_loops_corners,
          chequers_serial_rivers_small_b
D:2:      layout_basic, minmay_tree_intersection, nicolae_underground_beach,
          uniq_jessica
D:3:      minmay_inner_zag, layout_loops_ring, serial_bayou_pond_a, uniq_ijyb
D:4:      layout_cave_pools, chequers_serial_rivers_large_b, hex_tiny
D:5:      layout_rooms, serial_shops, kennysheep_mini_moat,
          minmay_misc_feat_roman, minmay_manual_mess, uniq_pikel
D:6:      layout_rooms, nicolae_ru_great_annihilating_truth, st_stairs_12

Skill      XL: |  1  2  3  4  5  6  7  8  9 |
---------------+----------------------------+-----
Spellcasting   | 5 6 |  6.5
Invocations    | 1 2 3 4 |  4.4
Fighting       | 1 2 3 4 |  4.0
Short Blades   | 1 2 3 4 |  4.0
Long Blades    | 1 2 3 4 |  4.0
Axes           | 1 2 3 4 |  4.0
Maces & Flails | 1 2 3 4 |  4.0
Polearms       | 1 2 3 4 |  4.0
Staves         | 1 2 3 4 |  4.0
Slings         | 1 2 3 4 |  4.0
Bows           | 1 2 3 4 |  4.0
Crossbows      | 1 2 3 4 |  4.0
Throwing       | 1 2 3 4 |  4.0
Armour         | 1 2 3 4 |  4.0
Shields        | 1 2 3 4 |  4.0
Unarmed Combat | 1 2 3 4 |  4.0
Evocations     | 1 2 3 4 |  4.0
Conjurations   | 1 2 3 |  3.3
Hexes          | 1 2 3 |  3.3
Summonings     | 1 2 3 |  3.3
Necromancy     | 1 2 3 |  3.3
Translocations | 1 2 3 |  3.3
Transmutations | 1 2 3 |  3.3
Fire Magic     | 1 2 3 |  3.3
Air Magic      | 1 2 3 |  3.3
Earth Magic    | 1 2 3 |  3.3
Poison Magic   | 1 2 3 |  3.3
Dodging        | 5 6 |  6.1
Stealth        | 5 6 |  6.1
Ice Magic      | |  7.9

Action                   |  1- 3 |  4- 6 |  7- 9 || total
-------------------------+-------+-------+-------++-------
Melee: Hand axe          |     7 |       |       ||     7
       Staff             |    15 |    18 |    38 ||    71
       Bite              |     1 |     1 |    12 ||    14
       Falchion          |       |       |    74 ||    74
Throw: Javelin           |       |     6 |    11 ||    17
       Stone             |       |     1 |     2 ||     3
 Cast: Freeze            |    33 |    79 |    28 ||   140
       Frozen Ramparts   |     1 |     2 |    19 ||    22
       Static Discharge  |       |     2 |    27 ||    29
       Stone Arrow       |       |       |    12 ||    12
Evoke: Wand              |       |       |     1 ||     1
  Use: Scroll            |       |     8 |     4 ||    12
       Potion            |       |       |     7 ||     7
 Stab: Sleeping          |       |       |     1 ||     1
Armor: Robe              |     9 |    14 |    27 ||    50
       Skin              |       |       |     3 ||     3
Dodge: Dodged            |    36 |    57 |   170 ||   263

Table legend: (Time is in decaauts)
 A = Elapsed time spent in this place.
 B = Non-inter-level travel time spent in this place.
 C = Inter-level travel time spent in this place.
 D = Time resting spent in this place.
 E = Time spent auto-exploring this place.
 F = Levels seen in this place.
 G = Mean time per level.
                   A        B        C        D        E       F      G
               +--------+--------+--------+--------+--------+-----+--------+
         Total |  12560 |  12215 |    345 |   7031 |   3616 |   6 | 2093.3 |
       Dungeon |  12560 |  12215 |    345 |   7031 |   3616 |   6 | 2093.3 |
               +--------+--------+--------+--------+--------+-----+--------+

Top non-repeatable levels by time:
     D:4: 4244 daAuts
     D:5: 3001 daAuts
     D:2: 1872 daAuts
     D:1: 1555 daAuts
     D:3: 1449 daAuts
     D:6: 438 daAuts
